[Event "*** Titled Tuesday Blitz"]
[Site "Chess.com"]
[Date "2021.02.02"]
[Round "10"]
[White "Frolyanov_D"]
[Black "TimofeevAr"]
[Result "1-0"]
[WhiteElo "2660"]
[BlackElo "2863"]
[TimeControl "180+1"]
[EndTime "11:52:37 PST"]
[Termination "Frolyanov_D won by resignation"]

1. d4 d5 2. c4 e6 3. Nf3 Be7 4. Nc3 Nf6 5. Bf4 O-O 6. e3 c5 7.
cxd5 exd5 8. Bd3 c4 9. Bc2 Nc6 10. O-O a6 11. Ne5 Nb4 12. Bb1 Be6 13. a3 Nc6 14. Qc2 Rc8 15. Bg5 g6 16. Bh6 Re8 17.
Qe2 Nxe5 18. dxe5 Ng4 19. Bf4 Bf8 20. h3 Nh6 21. Rd1 Rc7 22. Ne4 Be7 23. Bxh6 1-0

[Event "*** Titled Tuesday Blitz"]
[Site "Chess.com"]
[Date "2021.02.02"]
[Round "10"]
[White "anon219"]
[Black "TregubovP"]
[Result "1-0"]
[WhiteElo "2877"]
[BlackElo "2596"]
[TimeControl "180+1"]
[EndTime "11:53:06 PST"]
[Termination "anon219 won by resignation"]

1. e4 e6 2. d4 d5 3. e5 c5 4. c3 Nc6 5. Nf3 Qb6 6. a3 Bd7 7. Be2 Nge7 8. b4 cxd4 9. cxd4 Nf5 10. Bb2 Be7 11. O-O Rc8 12. Bd3 Ncxd4 13. Nxd4 Nxd4 14.
Qg4 Nf5 15. Bxf5 exf5 16. Qxg7 Rf8 17. Nc3 Qg6 18. Qxg6 hxg6 19. Nxd5 Rc2 20. Bd4 b6 21. Rac1 Rxc1 22. Rxc1 Be6 23. Nxe7 Kxe7 24. Rc7+ 1-0

[Event "*** Titled Tuesday Blitz"]
[Site "Chess.com"]
[Date "2021.02.02"]
[Round "10"]
[White "CraiggoryC"]
[Black "zmeeed67"]
[Result "0-1"]
[WhiteElo "2117"]
[BlackElo "2367"]
[TimeControl "180+1"]
[EndTime "11:53:20 PST"]
[Termination "zmeeed67 won by resignation"]

1. e4 Nc6 2. Nc3 Nf6 3. f4 d5 4. e5 d4 5. Nce2 Nd5 6. Nf3 d3 7. cxd3 Ndb4 8. Nc3 Nxd3+ 9. Bxd3 Qxd3 10. Qe2 Bf5 11.
O-O e6 12. a3 Bc5+ 13. Kh1 O-O-O 14. Ng5 Qxe2 15. Nxe2 Bd3 16. Nxf7 Bxe2 17. Re1 Bd3 18. Nxh8 Rxh8 19. b4 Bd4 20. Ra2 Bb1 21. Rb2 Bxb2 22. Bxb2 Bf5 0-1

[Event "*** Titled Tuesday Blitz"]
[Site "Chess.com"]
[Date "2021.02.02"]
[Round "10"]
[White "juancruzarias"]
[Black "AlexeiShirov"]
[Result "0-1"]
[WhiteElo "2620"]
[BlackElo "2850"]
[TimeControl "180+1"]
[EndTime "11:53:30 PST"]
[Termination "AlexeiShirov won by resignation"]

1. d4 d5 2. Nf3 Nf6 3. e3 c5 4. c3 Bg4 5. Nbd2 Nbd7 6. h3 Bh5 7. g4 Bg6 8. Ne5 e6 9. h4 h6 10. Nxg6 fxg6 11. Bd3 Kf7 12. h5 g5 13. Bg6+ Kg8 14. Nf3 Bd6 15. Qb3 Qc7 16. c4 cxd4 17.
Nxd4 dxc4 18. Qc2 Ne5 19. Nxe6 Bb4+ 20. Kf1 Qc6 21. Bd2 Qxh1+ 22. Ke2 Qf3+ 23. Kf1 Nfxg4 0-1

[Event "*** Titled Tuesday Blitz"]
[Site "Chess.com"]
[Date "2021.02.02"]
[Round "10"]
[White "Al_Shima"]
[Black "Das_Virus_2020"]
[Result "0-1"]
[WhiteElo "2297"]
[BlackElo "2415"]
[TimeControl "180+1"]
[EndTime "11:53:37 PST"]
[Termination "Das_Virus_2020 won by resignation"]

1. e4 e6 2. d4 d5 3. e5 c5 4. c3 Nc6 5. Nf3 Qb6 6. Be2 cxd4 7. cxd4 Nh6 8. b3 Nf5 9. Bb2 Bb4+ 10. Kf1 h5 11. a3 Be7 12. b4 Bd7 13. Qd3 Na5 14.
Nbd2 Rc8 15. bxa5 Qxb2 16. Rb1 Rc1+ 17. Rxc1 Qxc1+ 18. Ne1 Qxa3 19. Qxa3 Bxa3 20. Nc2 Bb2 21. g4 hxg4 22. Bxg4 Nxd4 23. Nxd4 Bxd4 24. f4 Ke7 25. Ke2 Bb5+ 26. Kf3 Rc8 27. Nb3 Rc3+ 0-1

[Event "*** Titled Tuesday Blitz"]
[Site "Chess.com"]
[Date "2021.02.02"]
[Round "10"]
[White "milenapn"]
[Black "Chuchofrio1"]
[Result "1-0"]
[WhiteElo "2071"]
[BlackElo "2256"]
[TimeControl "180+1"]
[EndTime "11:53:38 PST"]
[Termination "milenapn won by resignation"]

1. e4 e5 2. Nf3 Nc6 3. Bb5 a6 4.
Ba4 Nf6 5. d3 b5 6. Bb3 Be7 7.
c3 O-O 8. Nbd2 d6 9. h3 Be6 10. Bc2 d5 11. O-O Qd7 12. Re1 d4 13. Nf1 h6 14.
Ng3 Bd6 15. cxd4 Nxd4 16. Nxd4 exd4 17. e5 Bxh3 18. exd6 Bg4 19. Qd2 Qxd6 20. Qf4 Qc6 21. Bb3 Be6 22. Bxe6 fxe6 23. Qxd4 Rad8 24. Qe5 Rd6 25.
Bf4 Ng4 26. Qe4 Rd5 27. Be3 Qc2 28. Qxg4 1-0

[Event "*** Titled Tuesday Blitz"]
[Site "Chess.com"]
[Date "2021.02.02"]
[Round "10"]
[White "tk22h"]
[Black "bogcsab"]
[Result "1-0"]
[WhiteElo "2355"]
[BlackElo "2178"]
[TimeControl "180+1"]
[EndTime "11:53:49 PST"]
[Termination "tk22h won by resignation"]

1. c4 d6 2. Nc3 e5 3. Nf3 f5 4. d4 e4 5. Bg5 Be7 6. Bxe7 Qxe7 7. Nd2 e3 8. fxe3 Qxe3 9. Nd5 Qxd4 10. Nxc7+ Kd8 11.
Nxa8 f4 12. Nf3 Qf6 13. Qd4 Nc6 14. Qxf6+ Nxf6 15. O-O-O Ne4 16. c5 Bd7 17. g3 Nf2 18. Rxd6 Nxh1 19. Bh3 Nb8 20. Bxd7 Nxd7 21. Ne5 fxg3 22.
hxg3 Nxg3 23. Nf7+ Ke7 24. Nxh8 h5 25. Nc7 h4 26. Ng6+ Kd8 27. Nxh4 Kxc7 28. b4 Nxe2+ 29. Kd2 Nf4 30. Ng6 a5 31. Nxf4 axb4 32. Nd3 g5 33. Rg6 g4 34. Rxg4 Kc6 35. Rg6+ Kb5 36. Rg7 Kc6 37. Nxb4+ Kc7 38. Nd3 Kc6 39. Kc3 Nb8 40. Kc4 b5+ 41. cxb6 Kxb6 42. Nb4 Nd7 43. Rxd7 Ka5 44.
Rd6 1-0

[Event "*** Titled Tuesday Blitz"]
[Site "Chess.com"]
[Date "2021.02.02"]
[Round "10"]
[White "GameOverBro"]
[Black "ViktoriyaTarasova"]
[Result "0-1"]
[WhiteElo "2414"]
[BlackElo "2299"]
[TimeControl "180+1"]
[EndTime "11:53:50 PST"]
[Termination "ViktoriyaTarasova won by resignation"]

1. e4 e5 2. Nf3 Nc6 3. Bb5 Nf6 4. d4 exd4 5. O-O d6 6. Ba4 Bd7 7. c3 dxc3 8. Nxc3 Be7 9. Re1 O-O 10. Bg5 h6 11.
Bh4 a6 12. Rc1 b5 13. Bc2 Nb4 14. Bb1 Be6 15. a3 Nc6 16. Nd5 Nxd5 17. exd5 Bxh4 18. dxe6 Ne5 19. Nxe5 dxe5 20. Rxe5 Qxd1+ 21. Rxd1 fxe6 22. g3 Bf6 23. Re2 Rfd8 24. Ba2 Rxd1+ 0-1

[Event "*** Titled Tuesday Blitz"]
[Site "Chess.com"]
[Date "2021.02.02"]
[Round "10"]
[White "JTCoach"]
[Black "Isajevsky_Anton"]
[Result "1-0"]
[WhiteElo "2719"]
[BlackElo "2543"]
[TimeControl "180+1"]
[EndTime "11:53:51 PST"]
[Termination "JTCoach won by resignation"]

1. d4 d5 2. Nf3 Nf6 3. Bf4 c5 4.
e3 cxd4 5. exd4 Nc6 6. c3 Bf5 7. Nbd2 e6 8. Be2 h6 9. O-O Be7 10. Qb3 Qc8 11. Rfe1 O-O 12. Ne5 Nxe5 13. Bxe5 Ne4 14.
Nxe4 Bxe4 15. c4 Qd7 16. c5 f6 17. Bg3 e5 18. Bb5 Qf5 19. f3 Bc2 20. Qxd5+ Kh8 21.
Qxb7 Rfb8 22. Qxe7 Rxb5 23. dxe5 1-0

[Event "*** Titled Tuesday Blitz"]
[Site "Chess.com"]
[Date "2021.02.02"]
[Round "10"]
[White "Mbneu"]
[Black "esrosenberg"]
[Result "1-0"]
[WhiteElo "2299"]
[BlackElo "2179"]
[TimeControl "180+1"]
[EndTime "11:53:52 PST"]
[Termination "Mbneu won on time"]

1. d4 Nf6 2. c4 e6 3. Nc3 Bb4 4. Bg5 c5 5. d5 h6 6. Bh4 exd5 7. cxd5 d6 8. e3 O-O 9. Bd3 g5 10. Bg3 Nxd5 11. Ne2 Qf6 12. O-O Nxc3 13. bxc3 Ba5 14. f4 g4 15. e4 h5 16. e5 dxe5 17. fxe5 Qe7 18. Qc1 Rd8 19. Qh6 Rxd3 20. Nf4 Rd8 21. Nxh5 1-0

[Event "*** Titled Tuesday Blitz"]
[Site "Chess.com"]
[Date "2021.02.02"]
[Round "10"]
[White "Papullon"]
[Black "TurboSteen"]
[Result "1-0"]
[WhiteElo "2137"]
[BlackElo "2031"]
[TimeControl "180+1"]
[EndTime "11:53:54 PST"]
[Termination "Papullon won by checkmate"]

1. d4 Nf6 2. Bg5 Ne4 3. Bh4 g5 4. f3 gxh4 5. fxe4 c5 6. e3 Bh6 7. Nd2 Bxe3 8. d5 e6 9. Nc4 Bd4 10. c3 Bxg1 11. Rxg1 exd5 12. exd5 d6 13. Qh5 b5 14. Ne3 c4 15. O-O-O Nd7 16. Nf5 Ne5 17. Re1 Bxf5 18. Qxf5 Qb6 19. Bxc4 bxc4 20. Rxe5+ dxe5 21. Qxe5+ Kd7 22. Qf5+ Kc7 23. Qxf7+ Kd6 24. Re1 Raf8 25.
Re6+ Kc5 26. Qe7+ Kxd5 27. Qd7+ Kc5 28. Re5# 1-0

[Event "*** Titled Tuesday Blitz"]
[Site "Chess.com"]
[Date "2021.02.02"]
[Round "10"]
[White "KruHor"]
[Black "RobertoJBM"]
[Result "1-0"]
[WhiteElo "2589"]
[BlackElo "2759"]
[TimeControl "180+1"]
[EndTime "11:53:57 PST"]
[Termination "KruHor won by resignation"]

1. d4 c6 2. e4 d5 3. Nd2 dxe4 4.
Nxe4 Nd7 5. Nf3 Ngf6 6. Ng3 e6 7.
c3 Be7 8. Bd3 O-O 9. O-O b6 10.
Re1 Bb7 11. Bc2 c5 12. Qd3 Rc8 13. dxc5 Nxc5 14. Qe2 Qc7 15. Bg5 h6 16. Bxf6 Bxf6 17. Nh5 Qe7 18. Ne5 Bxe5 19. Qxe5 Qg5 20. Qxg5 hxg5 21.
Rad1 Rfd8 22. f3 Bd5 23. b3 b5 24. f4 gxf4 25. Nxf4 Bc6 26. Kf2 g6 27. h4 Kg7 28.
g4 Kf6 29. h5 Kg5 30. Kg3 Rxd1 31. Rxd1 gxh5 32. gxh5 e5 33. Nd5 Kxh5 34. Ne7 Kg5 35. Nxc8 1-0

[Event "*** Titled Tuesday Blitz"]
[Site "Chess.com"]
[Date "2021.02.02"]
[Round "10"]
[White "dosto07"]
[Black "Skat2704"]
[Result "0-1"]
[WhiteElo "2425"]
[BlackElo "2518"]
[TimeControl "180+1"]
[EndTime "11:53:58 PST"]
[Termination "Skat2704 won by resignation"]

1. e4 c5 2. Nf3 Nc6 3. Bb5 e6 4. O-O Nge7 5. Re1 a6 6. Bf1 d5 7. exd5 Nxd5 8. d4 Be7 9. dxc5 O-O 10. c4 Nf6 11. Nc3 Bxc5 12. Bg5 Qb6 13. Qe2 Nd4 14.
Nxd4 Bxd4 15. Rad1 e5 16. Bxf6 Qxf6 17. Nd5 Qh6 18.
Kh1 Be6 19. b3 Bxd5 20. cxd5 Bc3 21. g3 Bxe1 22. Rxe1 Rfe8 23. Bg2 Rad8 24. f4 e4 25. Qd2 f5 26. Bh3 Qxh3 0-1

[Event "*** Titled Tuesday Blitz"]
[Site "Chess.com"]
[Date "2021.02.02"]
[Round "10"]
[White "CM_rui"]
[Black "sergeikim"]
[Result "0-1"]
[WhiteElo "2360"]
[BlackElo "2500"]
[TimeControl "180+1"]
[EndTime "11:54:02 PST"]
[Termination "sergeikim won on time"]

1. e4 e5 2. Nc3 Nf6 3. f4 d5 4. fxe5 Nxe4 5. d3 Bb4 6. dxe4 Qh4+ 7. Ke2 Bg4+ 8. Nf3 Bxc3 9. Qxd5 Qe1+ 10. Kd3 Bxf3 11.
gxf3 Nc6 12. bxc3 Rd8 13. Qxd8+ Nxd8 14. Bb2 Qf2 15. Be2 Ne6 16. Bc1 O-O 0-1

[Event "*** Titled Tuesday Blitz"]
[Site "Chess.com"]
[Date "2021.02.02"]
[Round "10"]
[White "zimmm36"]
[Black "Vyacheslav_N"]
[Result "1-0"]
[WhiteElo "2158"]
[BlackElo "2371"]
[TimeControl "180+1"]
[EndTime "11:54:02 PST"]
[Termination "zimmm36 won by resignation"]

1. d4 d5 2. c4 Nf6 3. Nf3 e6 4.
g3 Be7 5. Bg2 O-O 6. O-O c5 7.
cxd5 exd5 8. dxc5 Bxc5 9. Qc2 Be7 10. Nc3 Nc6 11. Rd1 h6 12. Nd4 Be6 13. h3 Rc8 14. Be3 Qd7 15. Kh2 a6 16. Rac1 Ne5 17. Nxe6 fxe6 18. Qb3 Nc4 19. Bd4 b5 20. e4 e5 21.
Bxe5 Nxe5 22. Nxd5 Nxd5 23. Rxd5 Qe6 24. Rxc8 Qxc8 25.
Rxe5+ 1-0

[Event "*** Titled Tuesday Blitz"]
[Site "Chess.com"]
[Date "2021.02.02"]
[Round "10"]
[White "HeadShotRomanTest"]
[Black "ridnani2021"]
[Result "0-1"]
[WhiteElo "2294"]
[BlackElo "2133"]
[TimeControl "180+1"]
[EndTime "11:54:06 PST"]
[Termination "ridnani2021 won by resignation"]

1. e4 c5 2. Nf3 d6 3. d4 cxd4 4. Nxd4 Nf6 5. Nc3 a6 6. h3 e5 7.
Nde2 b5 8. g4 Bb7 9. Bg2 b4 10.
Nd5 Nxd5 11. exd5 Nd7 12. O-O g6 13. Be3 Bg7 14. Qd2 O-O 15. Rac1 Rb8 16. c4 bxc3 17.
Nxc3 Qa5 18. Rfd1 Rfc8 19. a3 f5 20. gxf5 gxf5 21. Qe2 f4 22. Bd2 Qd8 23. Qg4 Nf6 24. Qe6+ Kh8 25. Ne4 Rxc1 26. Rxc1 Nxe4 27. Bxe4 Bc8 28.
Rxc8 Qxc8 29. Qxd6 Rxb2 30. Bc3 Rb7 31. Bxe5 Qg8 32.
Kh2 Rf7 33. Qe6 f3 34. d6 Bxe5+ 35. Qxe5+ Qg7 36. Qxg7+ Kxg7 37. Bxf3 Rxf3 0-1

[Event "*** Titled Tuesday Blitz"]
[Site "Chess.com"]
[Date "2021.02.02"]
[Round "10"]
[White "Zmof"]
[Black "Orest_Vovk"]
[Result "0-1"]
[WhiteElo "2144"]
[BlackElo "2468"]
[TimeControl "180+1"]
[EndTime "11:54:07 PST"]
[Termination "Orest_Vovk won by resignation"]

1. e4 Nc6 2. Nf3 d5 3. exd5 Qxd5 4. Nc3 Qa5 5. d4 Bg4 6. Be2 O-O-O 7. Be3 Qh5 8. Qd2 e5 9. d5 Bb4 10. O-O-O Nf6 11.
h3 Bxf3 12. Bxf3 Qg6 13. dxc6 Rxd2 14. cxb7+ Kb8 15. Rxd2 Bxc3 16. bxc3 e4 17. Be2 Qxg2 18. Rhd1 Kxb7 19. c4 Qxh3 20. c5 Ng4 21. Bxg4 Qxg4 22.
Rd7 Qe6 23. Kb2 Kc6 24. R7d4 Rb8+ 25. Ka1 Rb5 26. Ra4 a5 27. c4 Rb4 28. Rxa5 Qxc4 29. Rc1 Qe2 0-1

[Event "*** Titled Tuesday Blitz"]
[Site "Chess.com"]
[Date "2021.02.02"]
[Round "10"]
[White "rududuyk"]
[Black "Taktikmonster"]
[Result "0-1"]
[WhiteElo "2152"]
[BlackElo "2295"]
[TimeControl "180+1"]
[EndTime "11:54:07 PST"]
[Termination "Taktikmonster won on time"]

1. e4 c5 2. Nf3 d6 3. d4 cxd4 4. Nxd4 Nf6 5. Nc3 Nc6 6. Bg5 e6 7. Qd2 a6 8. f4 Bd7 9. O-O-O b5 10. Nxc6 Bxc6 11. e5 dxe5 12. Qxd8+ Rxd8 13. Rxd8+ Kxd8 14. fxe5 h6 15. Bh4 g5 16. Bg3 Nd7 17. h4 Bg7 18. hxg5 hxg5 19. Rxh8+ Bxh8 20. a4 bxa4 21. Bxa6 Bxe5 22.
Bxe5 Nxe5 23. g3 f5 24. Bb5 Bxb5 25. Nxb5 Nc4 26. Nc3 a3 27. b3 Ne3 28. Nb5 g4 29. Nxa3 f4 30. Kd2 Nf1+ 31. Ke1 Nxg3 32. Nc4 Ne4 33. Ne5 g3 34. Ke2 g2 35. Nf3 Ng5 36. Ng1 f3+ 37. Kf2 e5 0-1

[Event "*** Titled Tuesday Blitz"]
[Site "Chess.com"]
[Date "2021.02.02"]
[Round "10"]
[White "KuzubovYuriy"]
[Black "Konavets"]
[Result "0-1"]
[WhiteElo "2836"]
[BlackElo "2937"]
[TimeControl "180+1"]
[EndTime "11:54:09 PST"]
[Termination "Konavets won by resignation"]

1. d4 Nf6 2. Nf3 e6 3. c4 b6 4. g3 Ba6 5. Qc2 c6 6. e4 d5 7.
e5 Nfd7 8. cxd5 cxd5 9. Nc3 Be7 10. h4 Qc8 11. Bxa6 Qxa6 12. Ne2 O-O 13. Ng5 g6 14. h5 Rc8 15. Nc3 Nc6 16. hxg6 hxg6 17. Nxf7 Nf8 18. Nh6+ Kg7 19. Ng4 Nxd4 20. Bh6+ Kf7 21. Qd1 Nf5 22. Bxf8 Bxf8 23. Qe2 Qxe2+ 24. Kxe2 Bg7 25.
Rac1 Rc4 26. Kf3 Rac8 27. Ne2 Nd4+ 28. Ke3 Nxe2 29. Rxc4 Rxc4 30. Kxe2 Rxg4 0-1

[Event "*** Titled Tuesday Blitz"]
[Site "Chess.com"]
[Date "2021.02.02"]
[Round "10"]
[White "xberli"]
[Black "Loy_Konstantin"]
[Result "1-0"]
[WhiteElo "2499"]
[BlackElo "2381"]
[TimeControl "180+1"]
[EndTime "11:54:09 PST"]
[Termination "xberli won by resignation"]

1. c4 c5 2. Nc3 Nc6 3. g3 g6 4. Bg2 Bg7 5. e4 Nf6 6. Nge2 O-O 7. O-O Ne8 8. d3 Nc7 9. Be3 Ne6 10. f4 Ned4 11. f5 d6 12. g4 e6 13. Ng3 Be5 14.
Qd2 Kh8 15. Bg5 Qa5 16. fxg6 hxg6 17. Bf6+ Bxf6 18. Rxf6 Kg7 19. Raf1 Ne5 20. Qg5 Rh8 21. Nh5+ Rxh5 22. gxh5 Bd7 23. Rxf7+ 1-0

[Event "*** Titled Tuesday Blitz"]
[Site "Chess.com"]
[Date "2021.02.02"]
[Round "10"]
[White "ajdemipopushi"]
[Black "guillembaches"]
[Result "1-0"]
[WhiteElo "2339"]
[BlackElo "2448"]
[TimeControl "180+1"]
[EndTime "11:54:10 PST"]
[Termination "ajdemipopushi won on time"]

1. Nf3 d5 2. g3 g6 3. c4 d4 4. b4 Bg7 5. d3 e5 6. Bg2 Ne7 7. O-O O-O 8. a4 c5 9. bxc5 Na6 10.
Ba3 Qc7 11. Nbd2 Nxc5 12. Nb3 Nxb3 13. Qxb3 Re8 14. Rfb1 Nc6 15. Nd2 Rb8 16. Ne4 Rd8 17. Qb5 b6 18. Bd6 Rxd6 19. Nxd6 Qxd6 20. Qxc6 Qe7 21. a5 Bb7 22. Qa4 Bxg2 23. Kxg2 e4 24. axb6 axb6 25. Qa7 Rb7 26. Qa8+ Bf8 27. c5 1-0

[Event "*** Titled Tuesday Blitz"]
[Site "Chess.com"]
[Date "2021.02.02"]
[Round "10"]
[White "Taabling"]
[Black "Sokoloco"]
[Result "0-1"]
[WhiteElo "2328"]
[BlackElo "2471"]
[TimeControl "180+1"]
[EndTime "11:54:12 PST"]
[Termination "Sokoloco won by checkmate"]

1. c4 g6 2. Nc3 Bg7 3. h4 h5 4. d4 Nf6 5. Nh3 O-O 6. Bg5 c6 7. Nf4 d5 8. Bxf6 Bxf6 9. cxd5 cxd5 10.
Nfxd5 Bg7 11. e3 Nc6 12. Bc4 e5 13. dxe5 Nxe5 14. Bb3 b6 15. Qe2 a5 16. O-O-O Ba6 17. Qc2 Rc8 18. Nb4 axb4 19. Rxd8 Rfxd8 20. Qe4 bxc3 21. Bc2 Nd3+ 22. Kb1 Nxf2 23. Qa4 Nxh1 24. Qxa6 cxb2 25. Qxb6 Rd1+ 26. Bxd1 Rc1# 0-1

[Event "*** Titled Tuesday Blitz"]
[Site "Chess.com"]
[Date "2021.02.02"]
[Round "10"]
[White "kirillshevchenko"]
[Black "ShapkinAnatoliy"]
[Result "1-0"]
[WhiteElo "2835"]
[BlackElo "2628"]
[TimeControl "180+1"]
[EndTime "11:54:19 PST"]
[Termination "kirillshevchenko won by resignation"]

1. e4 e5 2. d3 Nf6 3. f4 exf4 4. Bxf4 d5 5. e5 Ng4 6. Nf3 f6 7. d4 fxe5 8. Nxe5 Nxe5 9. Bxe5 Qh4+ 10. Bg3 Qe4+ 11.
Qe2 Bf5 12. Nc3 Qxe2+ 13. Bxe2 c6 14. O-O Be6 15. Rae1 Kd7 16. Bg4 Bxg4 17. Rf7+ Be7 18. Rexe7+ Kd8 19. Bh4 Bh5 20. Rd7+ Ke8 21. Rfe7+ 1-0

[Event "*** Titled Tuesday Blitz"]
[Site "Chess.com"]
[Date "2021.02.02"]
[Round "10"]
[White "c_r_e_e_p_e_r"]
[Black "m_ezat"]
[Result "0-1"]
[WhiteElo "2386"]
[BlackElo "2547"]
[TimeControl "180+1"]
[EndTime "11:54:20 PST"]
[Termination "m_ezat won by checkmate"]

1. e4 e5 2. Nc3 Nf6 3. f4 d5 4. fxe5 Nxe4 5. d3 Qh4+ 6. g3 Nxg3 7. Nf3 Qh5 8. Nxd5 Nxh1 9. Nxc7+ Kd8 10. Nxa8 Bg4 11. Bg2 Nc6 12. Bf4 Nd4 13. Bxh1 Bxf3 14. Bxf3 Nxf3+ 15. Kf2 Bc5+ 16. Kg3 g5 17. Qxf3 gxf4+ 18. Kxf4 Qh4+ 19. Kf5 Kc8 20. d4 Rg8 21. Qf4 Qh3+ 22.
Kf6 Qe6# 0-1

[Event "*** Titled Tuesday Blitz"]
[Site "Chess.com"]
[Date "2021.02.02"]
[Round "10"]
[White "KetiGrant"]
[Black "Kretov_Evgenij"]
[Result "0-1"]
[WhiteElo "2364"]
[BlackElo "2538"]
[TimeControl "180+1"]
[EndTime "11:54:21 PST"]
[Termination "Kretov_Evgenij won by resignation"]

1. e4 c5 2. Nf3 Nc6 3. d4 cxd4 4.
Nxd4 g6 5. c4 Nf6 6. Nc3 d6 7.
Be2 Nxd4 8. Qxd4 Bg7 9. Be3 O-O 10. Qd2 Be6 11. Rc1 Qa5 12. O-O Rfc8 13. b3 a6 14. f3 Nd7 15. Nd5 Qxd2 16. Bxd2 Bxd5 17. exd5 Bd4+ 18. Kh1 a5 19. f4 Nf6 20. Bf3 a4 21. b4 Rc7 22. Rfd1 Rac8 23. Be2 Ne4 24. Be1 Be3 25.
Rc2 Bxf4 26. Rd4 f5 27. Bf3 Be5 28. Rd1 Rxc4 0-1

[Event "*** Titled Tuesday Blitz"]
[Site "Chess.com"]
[Date "2021.02.02"]
[Round "10"]
[White "Larciano"]
[Black "NovikovaGalina"]
[Result "0-1"]
[WhiteElo "1749"]
[BlackElo "2227"]
[TimeControl "180+1"]
[EndTime "11:54:24 PST"]
[Termination "NovikovaGalina won by checkmate"]

1. e4 e6 2. d4 d5 3. Nc3 Bb4 4.
exd5 exd5 5. Bd3 Nf6 6. a3 Ba5 7. Qf3 Nc6 8. Ne2 Be6 9. O-O Qd7 10. h3 h6 11. Nf4 O-O-O 12. Nxe6 fxe6 13. Ne2 Rdf8 14.
Qg3 g5 15. b4 Bb6 16. c3 Rhg8 17. a4 a5 18. bxa5 Bxa5 19. Ba3 Rf7 20. Rab1 Nh5 21. Qg4 Nf4 22. Rfe1 h5 23. Qg3 h4 24. Qe3 Nxd3 25. Qxd3 g4 26. hxg4 Rxg4 27. c4 Rfg7 28. g3 hxg3 29.
Nxg3 Bxe1 30. Rxe1 Nxd4 31. cxd5 Qxd5 32. Re3 Rh4 33. Kf1 Rh1+ 34. Nxh1 Qxh1# 0-1

[Event "*** Titled Tuesday Blitz"]
[Site "Chess.com"]
[Date "2021.02.02"]
[Round "10"]
[White "Kovalchuk94"]
[Black "Fischerev7"]
[Result "1/2-1/2"]
[WhiteElo "2634"]
[BlackElo "2410"]
[TimeControl "180+1"]
[EndTime "11:54:32 PST"]
[Termination "Game drawn by repetition"]

1. e4 c5 2. Nf3 d6 3. d4 cxd4 4.
Nxd4 Nf6 5. Nc3 a6 6. Rg1 e5 7.
Nb3 Be6 8. g4 d5 9. exd5 Nxd5 10. Nxd5 Qxd5 11. Qxd5 Bxd5 12. Be3 Nd7 13. O-O-O Bf3 14.
Rd2 Rc8 15. g5 Nc5 16. Bh3 Nxb3+ 17. axb3 Rd8 18. Rxd8+ Kxd8 19. Bb6+ Ke8 20. Bc7 f6 21. gxf6 gxf6 22. Rg3 Bh6+ 23. Kb1 e4 24. Bf5 Kf7 25. Rh3 Kg7 26. Rg3+ Kf7 27. Rh3 Kg7 28. Rg3+ Kf7 1/2-1/2

[Event "*** Titled Tuesday Blitz"]
[Site "Chess.com"]
[Date "2021.02.02"]
[Round "10"]
[White "Leo_C"]
[Black "kidagent"]
[Result "1-0"]
[WhiteElo "2401"]
[BlackElo "2281"]
[TimeControl "180+1"]
[EndTime "11:54:35 PST"]
[Termination "Leo_C won by resignation"]

1. d4 d5 2. c4 c6 3. Nc3 dxc4 4. e4 b5 5. a4 b4 6. Nce2 Nf6 7. Ng3 e5 8. Nf3 Bg4 9. Be3 exd4 10. Qxd4 Qxd4 11.
Nxd4 Be7 12. Bxc4 O-O 13. f3 Bc8 14. O-O a5 15. Ndf5 Bxf5 16. Nxf5 Re8 17. Rfd1 Nbd7 18. Nxe7+ Rxe7 19. Rd6 Rc8 20. Rad1 Kf8 21. Ba6 Rc7 22. Bf4 Ra7 23. Rxc6 Ne8 24. Bb5 h6 25. Rc8 Nf6 26. Bd6 1-0

[Event "*** Titled Tuesday Blitz"]
[Site "Chess.com"]
[Date "2021.02.02"]
[Round "10"]
[White "ErikBlomqvist"]
[Black "GMKrikor"]
[Result "1-0"]
[WhiteElo "2512"]
[BlackElo "2766"]
[TimeControl "180+1"]
[EndTime "11:54:39 PST"]
[Termination "ErikBlomqvist won by resignation"]

1. e4 c5 2. Nf3 d6 3. Nc3 a6 4. g3 Nf6 5. Bg2 e6 6. e5 dxe5 7. Nxe5 Qc7 8. Nc4 h5 9. d3 Nc6 10. a4 h4 11. a5 h3 12. Bf3 Bd6 13. Ne4 Nxe4 14. dxe4 Nd4 15. Bg4 f5 16. Bh5+ Kf8 17.
c3 Nb5 18. O-O g6 19. Bf3 Bd7 20. Nxd6 Qxd6 21. Qxd6+ Nxd6 22. Rd1 1-0

[Event "*** Titled Tuesday Blitz"]
[Site "Chess.com"]
[Date "2021.02.02"]
[Round "10"]
[White "lamomiablanca"]
[Black "CoachHakia"]
[Result "1-0"]
[WhiteElo "2290"]
[BlackElo "2156"]
[TimeControl "180+1"]
[EndTime "11:54:39 PST"]
[Termination "lamomiablanca won by resignation"]

1. d4 d5 2. Nc3 Nf6 3. e4 dxe4 4. f3 e3 5. Bxe3 e6 6. Bc4 Be7 7. Nge2 O-O 8. O-O a6 9. Ng3 b5 10. Bd3 Bb7 11. Qe2 Nbd7 12. Rad1 Nb6 13. Nce4 Nbd5 14.
Bd2 Rc8 15. c3 c5 16. Nxc5 Bxc5 17. dxc5 Rxc5 18. Be3 Rc7 19. Bb1 Rd7 20. Bd4 Nf4 21. Qe5 Ng6 22. Qe2 Nf4 23. Qe3 N6d5 24. Qe5 f6 25. Qe4 Ng6 26. Qxe6+ Kh8 27. Qf5 Ne3 28. Qh5 Nxd1 29. Bxg6 h6 30. Rxd1 b4 31. Nf5 bxc3 32. bxc3 1-0

[Event "*** Titled Tuesday Blitz"]
[Site "Chess.com"]
[Date "2021.02.02"]
[Round "10"]
[White "cassoulet"]
[Black "NiranjanNavalgund"]
[Result "1-0"]
[WhiteElo "2739"]
[BlackElo "2527"]
[TimeControl "180+1"]
[EndTime "11:54:43 PST"]
[Termination "cassoulet won by resignation"]

1. e4 e5 2. Nf3 Nc6 3. Bc4 Nf6 4. d3 h6 5. c3 d6 6. Bb3 g6 7. h3 Bg7 8. Nbd2 O-O 9. Nf1 Kh7 10. g4 d5 11. Qe2 dxe4 12. dxe4 Nd7 13. Be3 Qe7 14.
O-O-O Nc5 15. Bc2 Be6 16. Kb1 a5 17. Ng3 a4 18. Nf5 gxf5 19. exf5 Bxa2+ 20. Kxa2 f6 21. Qc4 b6 22. g5 Na5 23. Qh4 Qf7+ 24. Kb1 Qc4 25. Qh5 a3 26. Bxc5 Qxc5 27. Rd7 Kh8 28. gxh6 a2+ 29. Ka1 Kg8 30. Rxg7+ 1-0

[Event "*** Titled Tuesday Blitz"]
[Site "Chess.com"]
[Date "2021.02.02"]
[Round "10"]
[White "OMGCovid-19"]
[Black "Problematique_99"]
[Result "0-1"]
[WhiteElo "1984"]
[BlackElo "2508"]
[TimeControl "180+1"]
[EndTime "11:54:44 PST"]
[Termination "Problematique_99 won by resignation"]

1. e4 c5 2. Nc3 e6 3. f4 d5 4.
exd5 exd5 5. d4 Nf6 6. Nf3 Nc6 7.
Bb5 Qe7+ 8. Ne5 Bg4 9. Qd3 cxd4 10. Qxd4 O-O-O 11. Bxc6 bxc6 12. O-O Qc5 13. Be3 Qxd4 14.
Bxd4 c5 15. Bf2 Be6 16. Nb5 a6 17. Na7+ Kb7 18. Nac6 Rc8 19. Na5+ Kb6 20. b4 Ne4 21. Nb3 Nxf2 22. Rxf2 cxb4 23. f5 Bd6 24. fxe6 Bxe5 25. Rxf7 Bxa1 26. Nxa1 Rhe8 27. e7 Rc7 28. Rxg7 Rcxe7 29. Rxe7 Rxe7 30. Nb3 Re2 31. Nd4 Rd2 32. Ne6 Rxc2 33.
Nf4 d4 34. Nd3 a5 0-1

[Event "*** Titled Tuesday Blitz"]
[Site "Chess.com"]
[Date "2021.02.02"]
[Round "10"]
[White "shaheus"]
[Black "AniJak"]
[Result "0-1"]
[WhiteElo "2394"]
[BlackElo "2305"]
[TimeControl "180+1"]
[EndTime "11:54:45 PST"]
[Termination "AniJak won by resignation"]

1. e4 c6 2. Nf3 d5 3. Nc3 Bg4 4. Qe2 e6 5. exd5 Bxf3 6. Qxf3 cxd5 7. d4 Nc6 8. Ne2 Nf6 9. c3 Be7 10. Ng3 a6 11. Bd3 b5 12. O-O O-O 13. Re1 b4 14.
Bc2 bxc3 15. bxc3 Na5 16. Qd3 g6 17. a4 Qc7 18. Ba3 Bxa3 19. Rxa3 Rfc8 20. h4 h5 21. Qf3 Ng4 22. Nf1 Nc4 23. Raa1 Nd6 24. g3 Qxc3 25. Qf4 Qxc2 26. Qxd6 Qxf2+ 27. Kh1 Rc2 0-1